 Dungeon Crawl Stone Soup version 0.21.1-1-g345015fe64 (webtiles) character file.

85 Gargoyl the Skirmisher (level 4, -6/40 HPs)
             Began as a Centaur Abyssal Knight on Mar 12, 2018.
             Was a Follower of Lugonu.
             Mangled by a gnoll
             ... wielding a +0 spear
              (9 damage)
             ... on level 2 of the Dungeon.
             The game lasted 00:04:39 (2436 turns).

Gargoyl the Skirmisher (Centaur Abyssal Knight)     Turns: 2436, Time: 00:04:39

Health: -6/40      AC:  6    Str: 15    XL:     4   Next: 25%
Magic:  5/5        EV:  7    Int: 11    God:    Lugonu [*.....]
Gold:   85         SH:  0    Dex:  9    Spells: 3/3 levels left

rFire    . . .     SeeInvis .   a - +1 hand axe
rCold    . . .     Gourm    .   (no shield)
rNeg     . . .     Faith    .   k - +0 scale mail
rPois    .         Spirit   .   (no helmet)
rElec    .         Reflect  .   (no cloak)
rCorr    .         Harm     .   (no gloves)
MR       .....                  (no barding)
Stlth    ..........             (no amulet)
HPRegen  0.13/turn              h - ring of flight
MPRegen  0.09/turn              f - ring of stealth

@: very quick
A: large, hooves 3, deformed body, speed 2, tough skin 3
a: Depart the Abyss, Renounce Religion, Evoke Flight


You were on level 2 of the Dungeon.
You worshipped Lugonu.
Lugonu was aware of your devotion.
You were hungry.

You visited 1 branch of the dungeon, and saw 2 of its levels.
You visited the Abyss 1 time.

You collected 85 gold pieces.

Inventory:

Hand Weapons
 a - a +1 hand axe (weapon)
 e - the +4 scimitar of Houhued {flame, rF+ Stlth+}
   (You found it on level 2 of the Abyss)

   It has been specially enchanted to burn those struck by it, causing extra
   injury to most foes and up to half again as much damage against particularly
   susceptible opponents.
   Big, fiery blades are also staple armaments of hydra-hunters.
   It protects you from fire.
   It makes you more stealthy.
Armour
 k - a +0 scale mail (worn)
Jewellery
 f - a ring of stealth (right hand)
 h - a ring of flight (left hand)
 l - an uncursed amulet of harm {unknown}
Potions
 b - 2 potions of flight {unknown}
 d - a potion of curing {unknown}
 g - a potion of heal wounds {unknown}
 j - a potion of mutation {unknown}
 m - a potion of might {unknown}
 n - a potion of resistance {unknown}
Comestibles
 c - 2 rations


   Skills:
 + Level 3.7 Fighting
 + Level 0.7 Long Blades
 + Level 2.2 Axes
 * Level 2.1 Armour
 + Level 0.8 Dodging
 * Level 2.5 Invocations


You had 3 spell levels left.
You didn't know any spells.

Dungeon Overview and Level Annotations

Branches:
Dungeon (2/15)

Altars:


Innate Abilities, Weirdness & Mutations

You have hooves in place of feet.
Armour fits poorly on your strangely shaped body.
You cover ground very quickly.
You have extremely tough skin. (AC +3)


Message History

The gnoll hits you from afar with a halberd!
You barely miss the gnoll.
The gnoll is heavily wounded.
The gnoll hits you with a spear. The gnoll barely misses you.
You hit the gnoll but do no damage. Your kick misses the gnoll.
The gnoll is heavily wounded.
The gnoll hits you with a spear. The gnoll hits you but does no damage.
The gnoll hits you but does no damage.
There is a stone staircase leading up here.
The gnoll hits you from afar with a spear.
The gnoll hits you from afar with a spear.
There is a stone staircase leading up, spattered with blood here.
The gnoll hits you from afar with a spear.
The gnoll hits you with a spear!
* * * LOW HITPOINT WARNING * * *
There is a stone staircase leading up, spattered with blood here.
The gnoll hits you from afar with a halberd.
* * * LOW HITPOINT WARNING * * *
The gnoll hits you with a spear!
You die...

#.# #...# #.# #.#.# #.# #.#.#
#.# #.#.#.
###.##############.#.#.# #..#
..(......(.........#.#.#l#..#
###.#############..#.#. .#..#
#.# ###.#.#. ...# #.#
#########@l...#.###.# #.#
#....)....g...#..gl.#####
###.####.#########g..##......[.#
..............l.g.......>.†....#
###.####......g####.##.........#
#.# #..####.# #..#.....#...# #.#
#..####.# ##.##...#_#..# #.#
#.......# #.##....#...# #.#
#..).#..# #.##........#


You could see 2 gnolls and a frilled lizard.

Vanquished Creatures
  2 gnolls (D:2)
  An adder (D:2)
  An ooze (D:2)
  2 worms (D:2)
  3 dart slugs
  6 bats
  3 giant cockroaches (D:1)
  10 goblins
  A hobgoblin (D:1)
  4 kobolds
  A quokka (D:2)
  4 frilled lizards
  3 rats
41 creatures vanquished.

Notes
Turn   | Place    | Note
-------+----------+-------------------------------------------
     0 | Abyss:1  | Gargoyl the Centaur Abyssal Knight began the quest for the Orb.
     0 | Abyss:1  | Reached XP level 1. HP: 19/19 MP: 2/2
    36 | Abyss:1  | Found a burning altar of Makhleb.
    70 | Abyss:1  | Noticed an ettin skeleton
    73 | Abyss:1  | Noticed a neqoxec
   104 | Abyss:2  | Found a corrupted altar of Lugonu.
   111 | Abyss:2  | Got a crude scimitar
   112 | Abyss:2  | Identified the +4 scimitar of Houhued {flame, rF+ Stlth+} (You found it on level 2 of the Abyss)
   121 | Abyss:2  | Noticed a hell hound
   121 | Abyss:2  | Noticed a hell hound
   121 | Abyss:2  | Noticed a hell hound
   121 | D:1      | Escaped the Abyss
   505 | D:1      | Reached XP level 2. HP: 26/26 MP: 3/3
   512 | D:1      | Reached * piety under Lugonu
   779 | D:1      | Reached XP level 3. HP: 23/31 MP: 4/4
  2095 | D:2      | Found a faded altar of an unknown god.
  2228 | D:2      | Reached XP level 4. HP: 35/40 MP: 5/5
  2436 | D:2      | Mangled by a gnoll

Skill      XL: |  1  2  3 |
---------------+----------+-----
Axes           | 2 |  2.2
Armour         | 2 |  2.1
Fighting       | |  3.7
Long Blades    | |  0.7
Dodging        | |  0.8
Invocations    | |  2.5

Action                   |  1- 3 |  4- 6 || total
-------------------------+-------+-------++-------
Melee: Scimitar          |    54 |     2 ||    56
       Kick              |    15 |     1 ||    16
       Hand axe          |    56 |     3 ||    59
Invok: Depart the Abyss  |     1 |       ||     1
  Use: Scroll            |     4 |       ||     4
  Eat: Chunk             |     3 |       ||     3
Armor: Leather armour    |    22 |       ||    22
       Ring mail         |    42 |       ||    42
       Scale mail        |     2 |     1 ||     3
Dodge: Dodged            |    55 |     5 ||    60
       Rpst.: Scimitar   |    10 |     2 ||    12
